 Dungeon Crawl Stone Soup version 0.20.1-1-g8b1a95d (webtiles) character file.

87 MJtheKandyman the Conjurer (level 4, -16/24 HPs)
             Began as a Deep Elf Wizard on Dec 27, 2017.
             Killed from afar by Ijyb (17 damage)
             ... with a wand of lightning (?/15)
             ... on level 3 of the Dungeon.
             The game lasted 00:06:48 (2193 turns).

MJtheKandyman the Conjurer (Deep Elf Wizard)        Turns: 2193, Time: 00:06:49

Health: -16/24     AC:  2    Str:  4    XL:     4   Next: 28%
Magic:  4/12       EV: 13    Int: 24    God:
Gold:   107        SH:  0    Dex: 13    Spells: 10/11 levels left

rFire    . . .     SeeInvis .   (no weapon)
rCold    . . .     Gourm    .   (no shield)
rNeg     . . .     Faith    .   a - +0 robe
rPois    .         Spirit   .   b - +0 hat
rElec    .         Reflect  .   (no cloak)
rCorr    .         Harm     .   (no gloves)
MR       .....                  (no boots)
Stlth    ++........             (no amulet)
Regen    0.1/turn               (no ring)
MPRegen  0.2/turn               (no ring)

@: no status effects
A: no striking features
a: no special abilities


You were on level 3 of the Dungeon.
You were not hungry.

You visited 1 branch of the dungeon, and saw 3 of its levels.

You collected 107 gold pieces.

Inventory:

Missiles
 u - 94 stones (quivered)
Armour
 a - a +0 robe (worn)
 b - a +0 hat (worn)
 k - a +0 leather armour
 q - a +0 cloak
Magical Staves
 v - an uncursed staff of summoning {unknown}
Jewellery
 h - an uncursed ring of protection from cold {unknown}
Scrolls
 e - a scroll of enchant weapon {unknown}
 g - 2 scrolls of teleportation {unknown}
 i - a scroll of amnesia {unknown}
 j - 3 scrolls of remove curse {unknown}
 l - 5 scrolls of identify {unknown}
 o - 4 scrolls of magic mapping {unknown}
Potions
 m - a potion of magic {unknown}
 n - a potion of lignification {unknown}
 p - a potion of agility {unknown}
 r - a potion of mutation {unknown}
 s - a potion of might {unknown}
Books
 c - a book of Minor Magic

   Spells                             Type                      Level
   a - Magic Dart                     Conjuration                  1
   b - Blink                          Translocation                2
   c - Call Imp                       Summoning                    2
   d - Slow                           Hexes                        2
   e - Conjure Flame                  Conjuration/Fire             3
   f - Mephitic Cloud                 Conjuration/Poison/Air       3
Comestibles
 d - 3 bread rations
 f - 2 royal jellies
 t - a meat ration


   Skills:
 + Level 0.2 Fighting
 - Level 2.4 Dodging
 - Level 2.4 Stealth
 - Level 4.4 Spellcasting
 + Level 4.5 Conjurations
   Level 1.1 Summonings
   Level 1.1 Translocations


You had 10 spell levels left.
You knew the following spells:

 Your Spells              Type           Power        Failure   Level  Hunger
a - Magic Dart            Conj           ####         1%          1    None


Dungeon Overview and Level Annotations

Branches:
Dungeon (3/15)

Altars:

Annotations:
D:3 Ijyb


Message History

Aiming: Magic Dart
Press: ? - help, Shift-Dir - straight line, f/p - Ijyb
Aim: Ijyb, wielding a dagger of venom and wearing a runed leather armour (moderately wounded)
The magic dart hits Ijyb.
Ijyb is moderately wounded.
Casting: Magic Dart
Confirm with . or Enter, or press ? or * to list all spells.
Aiming: Magic Dart
Press: ? - help, Shift-Dir - straight line, f/p - Ijyb
Aim: Ijyb, wielding a dagger of venom and wearing a runed leather armour (moderately wounded)
The magic dart hits Ijyb.
Ijyb is moderately wounded.
Ijyb zaps a wand.
The bolt of lightning misses you.
It is a wand of lightning (?/15).
Ijyb zaps a wand.
The bolt of lightning hits you!
Ouch! That really hurt!
* * * LOW HITPOINT WARNING * * *
Ijyb zaps a wand.
The bolt of lightning hits you!
Ouch! That really hurt!
You die...

#.... ##...P ....
#.# #... #.# #..#
###.##### #..#
#.......#
#.(#######.......#
#..g.............#
#.####@###.......#
#. #.♣#♣.♣.....#
#. #.....[.....###
#. ##♣#♣.♣.......#
#. #.#.#####.## #)
♣.♣.# #..# #...#
##)# ##### #)#
♣.♣♣


You could see Ijyb.

Vanquished Creatures
  An orc priest (D:3)
  An adder (D:2)
  2 dart slugs (D:2)
  2 leopard geckos (D:1)
  An orc (D:3)
  A ball python (D:3)
  4 giant cockroaches (D:1)
  5 goblins
  5 hobgoblins
  4 jackals (D:1)
  4 kobolds (D:2)
  A quokka (D:2)
  3 bats
  A frilled lizard (D:2)
  3 rats (D:1)
38 creatures vanquished.

Notes
Turn   | Place    | Note
-------+----------+-------------------------------------------
     0 | D:1      | MJtheKandyman the Deep Elf Wizard began the quest for the Orb.
     0 | D:1      | Reached XP level 1. HP: 10/10 MP: 7/7
   343 | D:1      | Reached XP level 2. HP: 15/15 MP: 5/9
  1264 | D:2      | Reached XP level 3. HP: 19/19 MP: 6/10
  2034 | D:3      | Reached XP level 4. HP: 16/24 MP: 6/12
  2185 | D:3      | Noticed Ijyb
  2191 | D:3      | HP: 1/24 [Ijyb/wand of lightning (?/15) (21)]
  2193 | D:3      | Killed from afar by Ijyb

Skill      XL: |  1  2  3 |
---------------+----------+-----
Conjurations   | 2 3 4 |  4.5
Fighting       | |  0.2
Dodging        | |  2.4
Stealth        | |  2.4
Spellcasting   | |  4.4
Summonings     | |  1.1
Translocations | |  1.1

Action                   |  1- 3 |  4- 6 || total
-------------------------+-------+-------++-------
 Cast: Magic Dart        |    83 |    11 ||    94
  Eat: Chunk             |     2 |       ||     2
       Meat ration       |       |     1 ||     1
Armor: Robe              |     2 |     1 ||     3
Dodge: Dodged            |     9 |     3 ||    12
